 Dungeon Crawl Stone Soup version 0.23-a0-586-gacb4b3f (webtiles) character file.

5204 gruber the Whirler (level 10, 0/60 HPs)
             Began as a Halfling Hunter on Dec 19, 2018.
             Was a Priest of Okawaru.
             Slain by a scorpion (6 damage)
             ... on level 9 of the Dungeon.
             The game lasted 00:14:30 (8516 turns).

gruber the Whirler (Halfling Hunter)                Turns: 8516, Time: 00:14:33

Health: 0/60       AC: 10    Str: 18    XL:     10   Next: 91%
Magic:  9/10       EV: 21    Int:  9    God:    Okawaru [***...]
Gold:   446        SH:  7    Dex: 19    Spells: 7/9 levels left

rFire    . . .     SeeInvis .   a - +1 hunting sling
rCold    + . .     Gourm    .   H - +0 buckler
rNeg     . . .     Faith    .   b - +2 leather armour {rC+}
rPois    .         Spirit   .   x - +2 hat
rElec    .         Reflect  .   (no cloak)
rCorr    .         Harm     .   F - +0 pair of gloves
MR       .....                  E - +0 pair of boots
Stlth    +++.......             (no amulet)
HPRegen  0.20/turn              r - +6 ring of evasion
MPRegen  0.12/turn              K - ring of wizardry

@: mighty, marked, flying
A: small, mutation resistance 1
a: Heroism, Renounce Religion


You were on level 9 of the Dungeon.
You worshipped Okawaru.
Okawaru was most pleased with you.
You were not hungry.

You visited 2 branches of the dungeon, and saw 10 of its levels.

You collected 446 gold pieces.

Inventory:

Hand Weapons
 a - a +1 hunting sling (weapon)
 C - a +0 short sword of speed
Missiles
 q - 59 stones (quivered)
Armour
 b - a +2 leather armour of cold resistance (worn)
 x - a +2 hat (worn)
 E - a +0 pair of boots (worn)
 F - a +0 pair of gloves (worn)
 H - a +0 buckler (worn)
Jewellery
 g - an uncursed ring of ice
 j - an uncursed ring of resist corrosion
 o - an uncursed ring of protection from fire
 r - a +6 ring of evasion (left hand)
 K - a ring of wizardry (right hand)
Wands
 c - a wand of iceblast (5)
 v - a wand of polymorph (18)
Scrolls
 e - 7 scrolls of identify {unknown}
 h - 2 scrolls of magic mapping {unknown}
 k - a scroll of noise {unknown}
 l - 4 scrolls of teleportation {unknown}
 n - 7 scrolls of remove curse {unknown}
 p - 2 scrolls of enchant weapon {unknown}
 s - 2 scrolls of amnesia {unknown}
 y - a scroll of fear {unknown}
 G - a scroll of summoning {unknown}
 I - a scroll of acquirement {unknown}
 J - a scroll of enchant armour {unknown}
Potions
 i - a potion of cancellation {unknown}
 m - a potion of lignification {unknown}
 t - a potion of might
 u - a potion of heal wounds {unknown}
 w - a potion of mutation {unknown}
 z - 2 potions of curing
 A - 2 potions of berserk rage {unknown}
 B - a potion of ambrosia {unknown}
Comestibles
 f - 15 rations


   Skills:
 - Level 1.7 Fighting
 - Level 16.2 Slings
 * Level 6.8 Armour
 - Level 2.1 Dodging
 - Level 5.5 Stealth
 * Level 6.9 Shields
 + Level 0.2 Invocations


You had 7 spell levels left.
You knew the following spells:

 Your Spells              Type           Power        Failure   Level  Hunger
a - Blink                 Tloc           N/A          26%         2    ###....

Your spell library contained the following spells:

 Spells                   Type           Power        Failure   Level  Hunger
 Animate Skeleton         Necr           N/A          19%         1    ##.....
 Apportation              Tloc           #.....       19%         1    ##.....
 Confusing Touch          Hex            #.....       19%         1    ##.....
 Magic Dart               Conj           #...         19%         1    ##.....
 Summon Small Mammal      Summ           #...         19%         1    ##.....
 Call Imp                 Summ           #.......     26%         2    ###....
 Slow                     Hex            #.......     26%         2    ###....
 Conjure Flame            Conj/Fire      #.......     45%         3    ####...
 Mephitic Cloud           Conj/Pois/Air  #.......     45%         3    ####...
 Summon Lightning Spire   Summ/Air       #.......     86%         4    #####..
 Silence                  Hex/Air        #.........   99%         5    ######.
 Conjure Ball Lightning   Conj/Air       #.........   100%        6    #######
 Deflect Missiles         Chrm/Air       #.........   100%        6    #######
 Tornado                  Air            #.........   100%        9    #######


Dungeon Overview and Level Annotations

Branches:
Dungeon (9/15)             Temple (1/1) D:7
   Lair: D:8-11         Orc: D:9-12

Altars:
Ashenzari
Cheibriados
Dithmenos
Elyvilon
Fedhas
Gozag
Hepliaklqana
Kikubaaqudgha
Nemelex Xobeh
Okawaru
Qazlal
Ru
Sif Muna
Trog
Uskayaw
Vehumet
Wu Jian
Xom
Yredelemnul
The Shining One


Innate Abilities, Weirdness & Mutations

You are small and have problems with some larger weapons.
You are somewhat resistant to further mutation.


Message History

Aim: an ice beast (almost dead)
You shoot a stone. The stone hits the ice beast!
You kill the ice beast!
Okawaru accepts your kill.
Unknown command.
Firing (i - inventory)
q - 60 stones (quivered)
Press: ? - help, Shift-Dir - straight line, f - scorpion
Aim: a scorpion You shoot a stone.
The stone hits the scorpion.
The scorpion is moderately wounded.
The scorpion barely misses you. The ogre misses you.
Unknown command.
Unknown command.
It was a potion of flight.
You feel very buoyant.
You fly up into the air.
An orc wizard comes into view. It is wielding a +0 dagger.
The bullfrog snags a nearby fly with its tongue.
The scorpion stings you.
You die...

...s. . (P... ######...#
... #####......# P..
#.....###### #@##
#...oZ############ #...
#..(aZ{s@OFaohh(.#####.##
#....o##########...5...((
####### #####5.### #..##
#$.## ...# ..## ..$ .#


You could see an ogre, a bullfrog, a scorpion, 2 worker ants, an orc wizard, 2
orcs, 2 jackals and 2 adder skeletons.

Vanquished Creatures
  Harold (D:9)
  A deep elf mage (D:7)
  Grinder (D:5)
  A hippogriff (D:7)
  Eustachio (D:4)
  Menkaure (D:4)
  A water moccasin (D:9)
  5 ice beasts
  An orc warrior (D:6)
  5 sky beasts
  A phantom (D:9)
  2 black bears (D:6)
  A necrophage (D:5)
  4 centaurs
  2 ogres
  A crocodile (D:9)
  2 big kobolds
  A bullfrog (D:7)
  2 scorpions
  A howler monkey (D:6)
  5 crimson imps
  A bullfrog zombie (D:6)
  A hound (D:9)
  An orc priest (D:8)
  2 bullfrog skeletons
  5 orc wizards
  2 centaur skeletons (D:4)
  Natasha (D:4)
  2 iguanas
  7 worker ants
  A hound zombie (D:4)
  A howler monkey skeleton (D:7)
  8 adders
  4 shadow imps
  3 oozes
  An adder skeleton (D:7)
  A worm (D:5)
  2 dart slugs (D:1)
  3 leopard geckos
  13 orcs
  4 bats
  8 giant cockroaches
  11 goblins
  6 hobgoblins
  20 jackals
  11 kobolds
  4 quokkas
  4 frilled lizards
  A jackal skeleton (D:4)
  A leopard gecko skeleton (D:6)
  A quokka skeleton (D:4)
  6 rats
176 creatures vanquished.

Vanquished Creatures (others)
  2 kobolds (D:8)
  A quokka (D:8)
  5 fungi (D:9)
  A plant (D:9)
9 creatures vanquished.

Grand Total: 185 creatures vanquished

Notes
Turn   | Place    | Note
-------+----------+-------------------------------------------
     0 | D:1      | gruber the Halfling Hunter began the quest for the Orb.
     0 | D:1      | Reached XP level 1. HP: 14/14 MP: 1/1
    17 | D:1      | Reached skill level 6 in Slings
   169 | D:1      | Reached XP level 2. HP: 13/19 MP: 2/2
   643 | D:1      | Reached skill level 7 in Slings
   643 | D:1      | Reached XP level 3. HP: 23/24 MP: 3/3
  1057 | D:2      | Found a sparkling altar of Nemelex Xobeh.
  1057 | D:2      | Found a hide-covered altar of Uskayaw.
  1570 | D:2      | Reached XP level 4. HP: 26/29 MP: 4/4
  1805 | D:3      | Reached skill level 8 in Slings
  2024 | D:3      | Reached XP level 5. HP: 20/34 MP: 5/5
  2398 | D:4      | Noticed Eustachio
  2421 | D:4      | Killed Eustachio
  2421 | D:4      | Reached skill level 10 in Slings
  2421 | D:4      | Reached XP level 6. HP: 21/39 MP: 6/6
  2924 | D:4      | Reached skill level 11 in Slings
  2924 | D:4      | Reached XP level 7. HP: 44/44 MP: 7/7
  3160 | D:4      | Noticed Menkaure
  3170 | D:4      | Killed Menkaure
  3170 | D:4      | Reached skill level 12 in Slings
  3396 | D:4      | Noticed Natasha
  3401 | D:4      | Killed Natasha
  3733 | D:5      | Entered Level 5 of the Dungeon
  3770 | D:5      | Reached XP level 8. HP: 16/49 MP: 8/8
  3796 | D:5      | Reached skill level 13 in Slings
  4492 | D:5      | Noticed Grinder
  4504 | D:5      | Killed Grinder
  4504 | D:5      | Reached skill level 14 in Slings
  4967 | D:6      | Reached XP level 9. HP: 50/54 MP: 9/9
  5024 | D:6      | Reached skill level 15 in Slings
  5472 | D:6      | Reached skill level 16 in Slings
  5539 | D:6      | Found a bloodstained altar of Trog.
  5727 | D:6      | Found a glowing golden altar of the Shining One.
  6115 | D:7      | Found a staircase to the Ecumenical Temple.
  6126 | Temple   | Entered the Ecumenical Temple
  6437 | Temple   | Became a worshipper of Warmaster Okawaru
  6877 | D:7      | Found a basalt altar of Yredelemnul.
  6889 | D:7      | Noticed a hippogriff
  6901 | D:7      | Killed a hippogriff
  6901 | D:7      | Reached skill level 5 in Stealth
  7042 | D:7      | Noticed a deep elf mage
  7060 | D:7      | Killed a deep elf mage
  7060 | D:7      | Reached * piety under Okawaru
  7060 | D:7      | Reached XP level 10. HP: 32/60 MP: 10/10
  7237 | D:7      | Learned a level 2 spell: Blink
  7503 | D:7      | Found an ornate altar of the Wu Jian Council.
  7726 | D:8      | Found a white marble altar of Elyvilon.
  7839 | D:8      | Reached ** piety under Okawaru
  7839 | D:8      | Reached skill level 5 in Armour
  7934 | D:8      | Found a deep blue altar of Sif Muna.
  7951 | D:8      | Reached skill level 5 in Shields
  7997 | D:8      | Found a radiant altar of Vehumet.
  8443 | D:9      | Noticed Harold
  8486 | D:9      | Killed Harold
  8486 | D:9      | Reached *** piety under Okawaru
  8516 | D:9      | Slain by a scorpion

Vault maps used:
D:1:      onia_arrival_handbag, moated_statue
D:2:      chequers_temple_overflow_statue_of_worship
D:4:      minivault_23, uniq_natasha, uniq_eustachio, uniq_menkaure
D:5:      first_ration, uniq_grinder
D:6:      tso_oasis_becter, trog_ov_bears_minmay
D:7:      marbit_many_paths, kennysheep_mini_moat, minmay_temple_entry_slanted,
          guppyfry_early_elven_hall
D:8:      vehumet_crystals, elyvilon_altar_4, kennysheep_mini, david_nohive_1,
          led_sif_book
D:9:      makhleb_altar_promises_db, grunt_lair_entry_orc_guard_hut, tgw_fedhas,
          uniq_harold
Temple:   minmay_temple_forest_path

Skill      XL: |  1  2  3  4  5  6  7  8  9 10 |
---------------+-------------------------------+-----
Slings         | 6 7 8 10 11 12 14 16 | 16.2
Stealth        | 5 |  5.5
Armour         | 3 6 |  6.8
Shields        | 2 6 |  6.9
Fighting       | |  1.7
Dodging        | |  2.1
Invocations    | |  0.2

Action                   |  1- 3 |  4- 6 |  7- 9 | 10-12 || total
-------------------------+-------+-------+-------+-------++-------
Melee: Short sword       |   122 |    37 |     9 |       ||   168
 Fire: Hunting sling     |     1 |   150 |   474 |   333 ||   958
Invok: Heroism           |       |       |       |     2 ||     2
  Use: Potion            |       |       |       |     3 ||     3
 Stab: Sleeping          |     1 |       |       |       ||     1
  Eat: Chunk             |     2 |     4 |     5 |     4 ||    15
       Ration            |       |       |     2 |       ||     2
Armor: Leather armour    |    23 |     8 |    27 |    20 ||    78
Dodge: Dodged            |    92 |   137 |   123 |    77 ||   429
Block: Buckler           |       |       |     3 |    30 ||    33

Table legend:
 A = Non-vault XP
 B = Vault XP
 C = Vault XP percentage of total XP
 D = Non-vault monster count
 E = Vault monster count
 F = Vault count percentage of total count
                 A         B        C        D         E       F
            +---------+---------+-------+---------+---------+-------
      Total |    4731 |    2704 |  36.4 |     163 |      13 |   7.4
            +---------+---------+-------+---------+---------+-------
        D:1 |      35 |       4 |  10.3 |      17 |       4 |  19.0
        D:2 |      32 |       0 |   0.0 |      14 |       0 |   0.0
        D:3 |      88 |       0 |   0.0 |      25 |       0 |   0.0
        D:4 |     332 |     396 |  54.4 |      18 |       3 |  14.3
        D:5 |     662 |     295 |  30.8 |      16 |       1 |   5.9
        D:6 |     591 |     249 |  29.6 |      13 |       2 |  13.3
        D:7 |    1174 |     625 |  34.7 |      30 |       1 |   3.2
        D:8 |    1089 |       0 |   0.0 |      15 |       0 |   0.0
        D:9 |     728 |    1135 |  60.9 |      15 |       2 |  11.8
            +---------+---------+-------+---------+---------+-------
